 Dungeon Crawl Stone Soup version 0.30-a0-374-g95c0257040 (webtiles) character file.

Game seed: 10734527504039106689

79 Bnni the Shield-Bearer (level 4, -2/37 HPs)
             Began as a Formicid Fighter on Nov 26, 2022.
             Slain by Crazy Yiuf
             ... wielding a +4 quarterstaff of chaos
              (4 damage)
             ... on level 2 of the Dungeon.
             The game lasted 00:02:41 (1125 turns).

Bnni the Shield-Bearer (Formicid Fighter)           Turns: 1125, Time: 00:02:42

Health: -2/37      AC:  6    Str: 23    XL:     4   Next: 62%
Magic:  0/4        EV:  9    Int:  7    God:
Gold:   51         SH:  6    Dex: 19    Spells: 3/3 levels left

rFire   + . .      SeeInvis +    a - +0 trident
rCold   . . .      Faith    .    c - +0 buckler
rNeg    . . .      Spirit   .    b - +0 scale mail
rPois   .          Reflect  .    (helmet unavailable)
rElec   .          Harm     .    e - scarf {shadows}
rCorr   .          Rampage  .    (no gloves)
Will    .....                    (no boots)
Stlth   ..........               (no amulet)
HPRegen 0.26/turn                j - +6 ring of dexterity
MPRegen 0.09/turn                n - ring of protection from fire

@: no status effects
A: permanent stasis, dig shafts and tunnels, antennae 3, four strong arms
a: Dig, Shaft Self


You were on level 2 of the Dungeon.
You visited 1 branch of the dungeon, and saw 2 of its levels.

You collected 51 gold pieces.

Inventory:

Hand Weapons
 a - a +0 trident (weapon)
Missiles
 i - 2 javelins
 p - 4 poisoned darts
Armour
 b - a +0 scale mail (worn)
 c - a +0 buckler (worn)
 e - a scarf of shadows (worn)
Jewellery
 j - a +6 ring of dexterity (left hand)
 n - a ring of protection from fire (right hand)
Scrolls
 h - 2 scrolls of vulnerability {unknown}
 k - a scroll of enchant armour {unknown}
 m - a scroll of summoning {unknown}
 o - a scroll of teleportation {unknown}
Potions
 d - 3 potions of might
 f - a potion of magic {unknown}
 g - 2 potions of curing {unknown}
 l - a potion of flight {unknown}
 q - a potion of degeneration {unknown}


   Skills:
 + Level 3.9 Fighting
 * Level 3.4 Polearms
 - Level 3.2 Armour
 - Level 5.0 Shields


You had 3 spell levels left.
You didn't know any spells.
Your spell library contained the following spells:

 Spells                   Type           Power      Damage    Failure   Level
 Beastly Appendage        Tmut           0%         N/A       80%         1
 Magic Dart               Conj           0%         1d3       80%         1
 Call Imp                 Summ           0%         N/A       91%         2
 Wereblood                Tmut           0%         N/A       91%         2
 Ignite Poison            Fire/Tmut/Pois 0%         N/A       99%         3
 Kindle Blastsparks       Fire/Tloc/Air  0%         2d10      99%         3
 Mephitic Cloud           Conj/Pois/Air  0%         N/A       99%         3
 Spider Form              Tmut/Pois      0%         N/A       99%         3
 Freezing Cloud           Conj/Ice/Air   0%         6-21      100%        5


Dungeon Overview and Level Annotations

Branches:
Dungeon (2/15)

Altars:

Annotations:
D:2 Crazy Yiuf


Innate Abilities, Weirdness & Mutations

You cannot be hasted, slowed, berserked, paralysed or teleported.
You can dig through walls and to a lower floor.
You have a pair of large antennae on your head. (SInv)
Your four strong arms can wield two-handed weapons with a shield.


Message History

No target in view!
No target in view!
No target in view!
Found a runed translucent door.
Found a hammer.
You open the door. You puncture Crazy Yiuf!
Crazy Yiuf is heavily wounded.
Crazy Yiuf hits you with a +4 quarterstaff of chaos.
You hit Crazy Yiuf but do no damage.
Crazy Yiuf is heavily wounded.
Crazy Yiuf waves his quarterstaff at you.
Crazy Yiuf barely misses you.
You barely miss Crazy Yiuf.
Crazy Yiuf is heavily wounded.
Crazy Yiuf hits you with a +4 quarterstaff of chaos!
Crazy Yiuf freezes you.
Crazy Yiuf says, "Shower hand blue!"
Crazy Yiuf hits you with a +4 quarterstaff of chaos!!
* * * LOW HITPOINT WARNING * * *
You feel your power leaking away.
You barely miss Crazy Yiuf.
Crazy Yiuf is heavily wounded.
Crazy Yiuf barely misses you.
Unknown command.
You hit Crazy Yiuf.
Crazy Yiuf is heavily wounded.
You block Crazy Yiuf's attack.
Unknown command.
You hit Crazy Yiuf but do no damage.
Crazy Yiuf is heavily wounded.
Crazy Yiuf sings, "Trees, trees, trees, circus!"
Crazy Yiuf hits you with a +4 quarterstaff of chaos.
* * * LOW HITPOINT WARNING * * *
Unknown command.
You hit Crazy Yiuf.
Crazy Yiuf is severely wounded.
Crazy Yiuf yells, "Orb!"
Crazy Yiuf hits you with a +4 quarterstaff of chaos.
You die...

.........................########
...........###########..##
........##.# #..# .......###.#
##### #..# #..[..## ### #)..#
#.## ####### #...# #.# ... #.#
#g# #.# ♣@♣♣ #.# ♣♣.♣ #.# ♣.♣♣
#.# ♣♣.♣ #.# ♣♣.♣♣ #.# ♣♣...♣ #.#
♣....♣ #.# #....# #.# #....###.#


You could see Crazy Yiuf.

Vanquished Creatures
  An adder (D:2)
  3 gnolls (D:2)
  A worm (D:2)
  3 dart slugs (D:1)
  2 endoplasms
  2 giant cockroaches
  4 goblins
  4 hobgoblins
  2 kobolds
  5 ball pythons
  2 bats (D:1)
  3 frilled lizards
  2 rats
34 creatures vanquished.

Notes
Turn   | Place    | Note
-------+----------+-------------------------------------------
     0 | D:1      | Bnni the Formicid Fighter began the quest for the Orb.
     0 | D:1      | Reached XP level 1. HP: 18/18 MP: 1/1
   221 | D:1      | Reached XP level 2. HP: 24/24 MP: 2/2
   402 | D:1      | Reached XP level 3. HP: 27/29 MP: 3/3
   870 | D:2      | Reached skill level 5 in Shields
   870 | D:2      | Reached XP level 4. HP: 27/37 MP: 4/4
  1114 | D:2      | Found a runed translucent door.
  1115 | D:2      | Noticed Crazy Yiuf
  1124 | D:2      | HP: 1/37 [Crazy Yiuf/+4 quarterstaff of chaos (3)]
  1125 | D:2      | Slain by Crazy Yiuf

Illustrated notes

Levels and vault maps discovered:
D:1:      minmay_arrival_solitary_statue, layout_rooms, minivault_27,
          minmay_pentomino_s4
D:2:      layout_rooms, uniq_crazy_yiuf_cottage

Skill      XL: |  1  2  3 |
---------------+----------+-----
Polearms       | 3 |  3.4
Shields        | 5 |  5.0
Fighting       | |  3.9
Armour         | |  3.2

Action                   |  1- 3 |  4- 6 || total
-------------------------+-------+-------++-------
Melee: Trident           |    91 |    22 ||   113
Armor: Scale mail        |    31 |     1 ||    32
Dodge: Dodged            |    27 |     5 ||    32
Block: Buckler           |    16 |     5 ||    21

Table legend: (Time is in decaauts)
 A = Elapsed time spent in this place.
 B = Non-inter-level travel time spent in this place.
 C = Inter-level travel time spent in this place.
 D = Time resting spent in this place.
 E = Time spent auto-exploring this place.
 F = Levels seen in this place.
 G = Mean time per level.
                   A        B        C        D        E       F      G
               +--------+--------+--------+--------+--------+-----+--------+
         Total |   1145 |   1110 |     35 |      0 |    820 |   2 |  572.5 |
       Dungeon |   1145 |   1110 |     35 |      0 |    820 |   2 |  572.5 |
               +--------+--------+--------+--------+--------+-----+--------+

Top non-repeatable levels by time:
     D:1: 601 daAuts
     D:2: 543 daAuts
